 Dungeon Crawl Stone Soup version 0.30.1-4-g462c640d31 (webtiles) character file.

Game seed: 383054924869487905

78 H0rd4k the Charlatan (level 4, -2/28 HPs)
             Began as an Octopode Artificer on Sept 18, 2023.
             Succumbed to a water moccasin's poison
             ... on level 4 of the Dungeon.
             The game lasted 00:01:44 (2259 turns).

H0rd4k the Charlatan (Octopode Artificer)           Turns: 2259, Time: 00:01:45

Health: -2/28      AC:  1    Str: 11    XL:     4   Next: 36%
Magic:  4/4        EV: 13    Int: 15    God:
Gold:   162        SH:  0    Dex: 12    Spells: 3/3 levels left

rFire   . .          .
                       - Unarmed
rCold   . . .        (no shield)
rNeg    . . .        (helmet restricted)
rPois   .            (no amulet)
rElec   .            (no ring)
rCorr   .            (no ring)
SInv    .            (no ring)
Will    .....        (no ring)
Stlth   +++          (no ring)
HPRegen 0.24/turn    (no ring)
MPRegen 0.09/turn    (no ring)
                     (no ring)

%: no passive effects
@: lethally poisoned (-2 -> -35)
A: almost no armour, amphibious, 8 rings, camouflage 1, gelatinous body 1,
(nimble swimmer 1), tentacles
a: no special abilities


You were on level 4 of the Dungeon.
You visited 1 branch of the dungeon, and saw 4 of its levels.

You collected 162 gold pieces.

Inventory:

Missiles
 m - 8 poisoned darts
Magical Staves
 k - a staff of earth
Wands
 b - a wand of flame (15) (quivered)
 c - a wand of charming (13)
 d - a wand of iceblast (5)
Scrolls
 a - 3 scrolls of teleportation {unknown}
 e - 2 scrolls of vulnerability {unknown}
 h - 3 scrolls of fear {unknown}
 i - 2 scrolls of identify {unknown}
 j - 3 scrolls of immolation {unknown}
 n - 2 scrolls of noise {unknown}
 o - a scroll of magic mapping {unknown}
 r - 2 scrolls of blinking {unknown}
 s - a scroll of butterflies {unknown}
 v - a scroll of enchant weapon {unknown}
Potions
 f - a potion of lignification {unknown}
 g - a potion of mutation {unknown}
 l - 3 potions of curing {unknown}
 p - a potion of brilliance {unknown}
 q - a potion of haste {unknown}
 t - a potion of invisibility {unknown}
 u - 2 potions of might {unknown}
 w - a potion of flight {unknown}


   Skills:
 + Level 1.1 Fighting
 + Level 3.2 Dodging
 - Level 1.3 Stealth
 + Level 1.6 Unarmed Combat
 + Level 4.3 Evocations


You had 3 spell levels left.
You didn't know any spells.
Your spell library contained the following spells:

 Spells                   Type           Power      Damage    Failure   Level
 Freeze                   Ice            0%         1d3       26%         1
 Necrotise                Necr           0%         1d4       26%         1
 Poisonous Vapours        Pois/Air       0%         N/A       38%         2
 Frozen Ramparts          Ice            0%         1d1       63%         3
 Hailstorm                Conj/Ice       0%         3d3       63%         3
 Mephitic Cloud           Conj/Pois/Air  0%         N/A       63%         3
 Vampiric Draining        Necr           0%         2d6       63%         3
 Agony                    Necr           0%         N/A       100%        5
 Freezing Cloud           Conj/Ice/Air   0%         6-21      100%        5


Dungeon Overview and Level Annotations

Branches:
Dungeon (4/15)
 Temple: D:4-7

Altars:
Cheibriados
Dithmenos
Hepliaklqana
Ru
Uskayaw
Vehumet
The Shining One

Annotations:
D:1 exclusion: downstairs
D:3 1 runed translucent door, exclusion: door, Crazy Yiuf


Innate Abilities, Weirdness & Mutations

You cannot wear most types of armour.
You are amphibious.
You can wear up to eight rings at the same time.
Your skin changes colour to match your surroundings (Stealth+).
Your rubbery body absorbs attacks. (AC +1, EV +1)
((You are camouflaged when in or above water. (Stealth+)))
You have tentacles for arms and can constrict up to eight enemies at once.


Message History

w - a blue potion No target in view!
You open the door.
A water moccasin comes into view.
The water moccasin hisses angrily.
Found a stone staircase leading up.
There is an open door here.
A water moccasin is nearby!
You closely miss the water moccasin. You grab the water moccasin.
You constrict the water moccasin. The water moccasin bites you.
You are poisoned.
The water moccasin poisons you!
A water moccasin is nearby!
You tentacle-slap the water moccasin but do no damage.
You squeeze the water moccasin, but do no damage.
The water moccasin is lightly wounded.
You constrict the water moccasin.
You feel very sick. The water moccasin bites you!
A water moccasin is nearby!
You are too injured to fight recklessly!
Aiming: Charm
Press: ? - help, Shift-Dir - straight line, f - water moccasin
Aim: a water moccasin (lightly wounded, constricted by you, chance to affect: 60%)
The water moccasin resists with significant effort.
You constrict the water moccasin, but do no damage.
You feel very sick. The water moccasin bites you.
* * * LOW HITPOINT WARNING * * *
You are more poisoned.
The water moccasin poisons you! The water moccasin bites you.
* * * LOW HITPOINT WARNING * * *
You are more poisoned.
The water moccasin poisons you!
Aiming: Charm
Press: ? - help, Shift-Dir - straight line, f/p - water moccasin
Aim: a water moccasin (lightly wounded, constricted by you, chance to affect: 60%)
The water moccasin is charmed.
You release your grip on your water moccasin.
You die...

######......># #.......#
. +.......#
..##+########+##.......#
........................
........................
.<......................
.......S................
#####@#########'#.....
#...........#...#.....
#...........#...#.....
#...........#...#.....
#...........#...#.....
##+#####...###..#.....
###...###..######
#.....#.........'
+.....#.........#


You could see a friendly water moccasin (charmed).

Vanquished Creatures
  An adder (D:2)
  3 worms
  A dart slug (D:1)
  An orc (D:3)
  5 ball pythons
  4 bats
  6 endoplasms
  3 giant cockroaches
  4 goblins
  4 hobgoblins
  3 jackals (D:2)
  3 quokkas (D:1)
  2 frilled lizards (D:2)
  7 kobolds
  3 rats
50 creatures vanquished.

Notes
Turn   | Place    | Note
-------+----------+-------------------------------------------
     0 | D:1      | H0rd4k the Octopode Artificer began the quest for the Orb.
     0 | D:1      | Reached XP level 1. HP: 13/13 MP: 1/1
   228 | D:1      | Reached XP level 2. HP: 14/18 MP: 2/2
   418 | D:1      | Reached skill level 4 in Evocations
   504 | D:1      | Reached XP level 3. HP: 23/23 MP: 3/3
   687 | D:2      | Found a faded altar of an unknown god.
   956 | D:2      | Reached skill level 1 in Unarmed Combat
   964 | D:2      | Reached XP level 4. HP: 12/28 MP: 4/4
  1407 | D:3      | Found a hide-covered altar of Uskayaw.
  1685 | D:3      | Found a runed translucent door.
  1686 | D:3      | Noticed Crazy Yiuf
  1741 | D:3      | Found a radiant altar of Vehumet.
  1903 | D:3      | Found a sacrificial altar of Ru.
  1906 | D:3      | Found a glowing golden altar of the Shining One.
  1910 | D:3      | Found a shadowy altar of Dithmenos.
  2140 | D:4      | Found a snail-covered altar of Cheibriados.
  2141 | D:4      | Found a hazy altar of Hepliaklqana.
  2254 | D:4      | Noticed a water moccasin
  2259 | D:4      | Succumbed to a water moccasin's poison

Illustrated notes

Levels and vault maps discovered:
D:1:      dpeg_arrival_short_road, layout_rooms
D:2:      cheibrodos_old_hovel, layout_rooms, chequers_ecumenical_altar_island
D:3:      layout_rooms, grunt_temple_overflow_diamond, vehumet_crystals,
          nicolae_overflow_crystal_walls, uniq_crazy_yiuf_cottage
D:4:      layout_gridville, mainiacjoe_overflow_24_doors,
          mainiacjoe_overflow_catwalk_spiral, kennysheep_generic_room_4,
          uniq_duvessa, uniq_ijyb

Skill      XL: |  1  2  3 |
---------------+----------+-----
Evocations     | 4 |  4.3
Dodging        | 3 |  3.2
Unarmed Combat | 1 |  1.6
Fighting       | |  1.1
Stealth        | |  1.3

Action                     |  1- 3 |  4- 6 || total
---------------------------+-------+-------++-------
  Melee: Unarmed           |   110 |    30 ||   140
         Tentacles         |    24 |     8 ||    32
         Constrict         |    30 |    13 ||    43
         Punch             |       |     1 ||     1
  Evoke: Wand              |       |     2 ||     2
   Stab: Sleeping          |     3 |     3 ||     6
 Armour: Skin              |     9 |     3 ||    12
  Dodge: Dodged            |    90 |    13 ||   103
